 Dungeon Crawl Stone Soup version 0.21.1-1-g345015f (webtiles) character file.

184 grindst0ne the Skirmisher (level 5, 0/46 HPs)
             Began as a Formicid Hunter on Mar 7, 2018.
             Slain by a sky beast (6 damage)
             ... on level 3 of the Dungeon.
             The game lasted 00:04:05 (2794 turns).

grindst0ne the Skirmisher (Formicid Hunter)         Turns: 2794, Time: 00:04:06

Health: 0/46       AC:  7    Str: 18    XL:     5   Next: 96%
Magic:  5/5        EV: 10    Int: 10    God:
Gold:   94         SH:  0    Dex: 11    Spells: 4/4 levels left

rFire    . . .     SeeInvis +   g - +0 club
rCold    . . .     Gourm    .   (no shield)
rNeg     . . .     Faith    .   k - +0 scale mail
rPois    .         Spirit   .   (helmet unavailable)
rElec    .         Reflect  .   (no cloak)
rCorr    .         Harm     .   l - +0 pair of gloves
MR       .....                  (no boots)
Stlth    ..........             (no amulet)
HPRegen  0.15/turn              (no ring)
MPRegen  0.09/turn              (no ring)

@: no status effects
A: permanent stasis, dig shafts and tunnels, four strong arms, antennae 3
a: Dig, Shaft Self


You were on level 3 of the Dungeon.
You were hungry.

You visited 1 branch of the dungeon, and saw 3 of its levels.

You collected 94 gold pieces.

Inventory:

Hand Weapons
 a - a +0 short sword
 g - a +0 club (weapon)
Armour
 k - a +0 scale mail (worn)
 l - a +0 pair of gloves (worn)
Scrolls
 b - a scroll of identify {unknown}
 e - a scroll of immolation {unknown}
 i - 3 scrolls of fear {unknown}
 j - 2 scrolls of teleportation {unknown}
 m - a scroll of enchant weapon {unknown}
Potions
 d - 2 potions of flight
Comestibles
 f - 6 rations
 h - a chunk of flesh


   Skills:
 + Level 6.2 Fighting
 - Level 4.0 Throwing
 - Level 1.7 Dodging
 - Level 1.2 Stealth


You had 4 spell levels left.
You didn't know any spells.

Dungeon Overview and Level Annotations

Branches:
Dungeon (3/15)

Altars:
Gozag


Innate Abilities, Weirdness & Mutations

You cannot be hasted, slowed, berserked, paralysed or teleported.
You can dig through walls and to a lower floor.
Your four strong arms can wield two-handed weapons with a shield.
You have a pair of large antennae on your head. (SInv)


Message History

The sky beast hits you but does no damage.
You hit the sky beast.
The sky beast is severely wounded.
The sky beast barely misses you.
You hit the sky beast but do no damage.
The sky beast is severely wounded.
The sky beast hits you but does no damage. x2
Okay, then.
You hit the sky beast but do no damage.
The sky beast is severely wounded.
The sky beast hits you but does no damage.
You completely miss the sky beast.
The sky beast is severely wounded.
The sky beast hits you but does no damage.
You closely miss the sky beast.
The sky beast is severely wounded.
The sky beast hits you.
* * * LOW HITPOINT WARNING * * *
The sky beast shocks you.
You die...

{ . {.. ... { {.#
.....##### ..#
.......@.# ..###.
.....###Y###......
.......{..........
.....###...>.w....
#. #..........
.........%.....
..(............
#####......(...
#.......(..


You could see a sky beast.

Vanquished Creatures
  A sky beast (D:2)
  5 adders (D:2)
  2 leopard geckos (D:1)
  4 giant cockroaches
  5 goblins
  6 hobgoblins
  5 jackals
  4 ball pythons (D:2)
  7 bats
  A frilled lizard (D:2)
  5 kobolds
  7 rats
52 creatures vanquished.

Notes
Turn   | Place    | Note
-------+----------+-------------------------------------------
     0 | D:1      | grindst0ne the Formicid Hunter began the quest for the Orb.
     0 | D:1      | Reached XP level 1. HP: 16/16 MP: 1/1
   400 | D:1      | Reached XP level 2. HP: 22/23 MP: 2/2
   431 | D:1      | Reached skill level 3 in Fighting
   769 | D:1      | Reached XP level 3. HP: 29/29 MP: 3/3
   915 | D:1      | You fall through a shaft!
   969 | D:2      | Found an opulent altar of Gozag.
   970 | D:2      | Noticed a sky beast
   991 | D:2      | Killed a sky beast
   991 | D:2      | Reached skill level 5 in Fighting
   991 | D:2      | Reached XP level 4. HP: 5/39 MP: 4/4
   991 | D:2      | Reached XP level 5. HP: 6/44 MP: 5/5
  2103 | D:2      | Reached skill level 6 in Fighting
  2757 | D:3      | Noticed a sky beast
  2794 | D:3      | Slain by a sky beast

Skill      XL: |  1  2  3  4  5 |
---------------+----------------+-----
Fighting       | 3 5 6 |  6.2
Throwing       | |  4.0
Dodging        | |  1.7
Stealth        | |  1.2

Action                   |  1- 3 |  4- 6 || total
-------------------------+-------+-------++-------
Melee: Short sword       |   113 |    50 ||   163
       Club              |       |   150 ||   150
Throw: Javelin           |     6 |    10 ||    16
       Throwing net      |     2 |       ||     2
 Abil: Dig               |     1 |       ||     1
  Use: Potion            |       |     2 ||     2
 Stab: Sleeping          |     1 |       ||     1
       Held in net/web   |     1 |       ||     1
  Eat: Chunk             |       |     6 ||     6
Armor: Leather armour    |    17 |       ||    17
       Scale mail        |    19 |   135 ||   154
Dodge: Dodged            |    85 |   144 ||   229
